 Dungeon Crawl Stone Soup version 0.28-a0-899-gf2b78a14d2 (webtiles) character file.

Game seed: 2999542397024870494

25 Notrik the Skirmisher (level 3, -5/34 HPs)
             Began as a Hill Orc Fighter on Nov 23, 2021.
             Slain by Sigmund (10 damage)
             ... on level 2 of the Dungeon.
             The game lasted 00:03:13 (1571 turns).

Notrik the Skirmisher (Hill Orc Fighter)            Turns: 1571, Time: 00:03:14

Health: -5/34      AC:  0    Str: 19    XL:     3   Next: 6%
Magic:  3/3        EV: 17    Int:  8    God:
Gold:   48         SH:  0    Dex: 15    Spells: 2/2 levels left

rFire   . . .      SeeInvis .   (weapon currently unavailable)
rCold   . . .      Faith    .   (shield currently unavailable)
rNeg    . . .      Spirit   .   (armour currently unavailable)
rPois   .          Reflect  .   (helmet currently unavailable)
rElec   .          Harm     .   (cloak currently unavailable)
rCorr   .          Rampage  .   (gloves currently unavailable)
Will    .....                   (boots currently unavailable)
Stlth   +.........              (no amulet)
HPRegen 0.11/turn               (ring currently unavailable)
MPRegen 0.08/turn               (ring currently unavailable)

@: confused, bat-form, flying, very quick
A: fast, flying, no casting, tiny
a: no special abilities


You were on level 2 of the Dungeon.
You were a bat.
You visited 1 branch of the dungeon, and saw 2 of its levels.

You collected 48 gold pieces.

Inventory:

Hand Weapons
 a - a +0 war axe (melded)
Armour
 b - a +0 scale mail (melded)
 c - a +0 buckler (melded)
 e - a +1 helmet (melded)
 k - a +0 pair of gloves (melded)
Scrolls
 f - a scroll of identify {unknown}
 h - a scroll of fear {unknown}
 i - a scroll of immolation {unknown}
 j - a scroll of amnesia {unknown}
Potions
 d - a potion of might
 g - a potion of curing {unknown}
 l - a potion of lignification {unknown}


   Skills:
 + Level 4.3 Fighting
 + Level 3.7 Axes
 - Level 3.2 Armour
 - Level 3.2 Shields


You had 2 spell levels left.
You didn't know any spells.
Your spell library was empty.

Dungeon Overview and Level Annotations

Branches:
Dungeon (2/15)

Altars:

Annotations:
D:2 Sigmund


Message History

You're too confused to move!
Sigmund barely misses you.
Sigmund hits you from afar with a +0 scythe.
Sigmund casts a spell at you.
You are more confused.
You barely miss Sigmund. Sigmund hits you with a +0 scythe.
Sigmund gestures at you while chanting.
You are more confused.
Sigmund zaps a wand.
You resist with significant effort.
Sigmund zaps a wand.
You turn into a bat.
Your +0 war axe melds into your body.
Your +1 helmet melds into your body.
Your +0 pair of gloves melds into your body.
Your +0 buckler melds into your body.
Your +0 scale mail melds into your body.
Sigmund screams, "Die, monster!"
Sigmund misses you. Sigmund gestures at you while chanting.
You are more confused.
Sigmund casts a spell at you. You resist with significant effort.
Sigmund hits you from afar with a +0 scythe!
Sigmund misses you.
You're too confused to move!
Sigmund closely misses you.
Unknown command.
Sigmund gestures wildly while chanting.
Sigmund flickers and vanishes!
Deactivating autopickup; reactivate with Ctrl-A.
There is a strange disturbance nearby!
You are more confused.
You hear a zap.
Something tries to affect you, but you resist.
You're too confused to move!
Something hits you.
* * * LOW HITPOINT WARNING * * *
You bump into the rock wall.
Something hits you.
* * * LOW HITPOINT WARNING * * *
You hear a zap.
Something tries to affect you, but you resist.
The now-empty wand crumbles to dust.
Something hits you!
You die...

........#........
##.......)..#####
........#.#.....
+#######'#+######
#...≈#........#
#...≈#........#
#...≈#........#
#...≈#........#
#≈≈≈≈#....b...#
##'##+#+####
#..##.#.#..
#.###.#[#.#
###### #.#
#.#.#.# ......
#.# #.#.#.###.#
####### #.#
#.#.#.....#
.......
#.###.#.#.####
######
#.#........).# #


There were no monsters in sight!

Vanquished Creatures
  A ball python (D:1)
  4 endoplasms
  5 goblins
  5 hobgoblins (D:1)
  A bat (D:1)
  A frilled lizard (D:1)
  3 kobolds
  A rat (D:1)
21 creatures vanquished.

Notes
Turn   | Place    | Note
-------+----------+-------------------------------------------
     0 | D:1      | Notrik the Hill Orc Fighter began the quest for the Orb.
     0 | D:1      | Reached XP level 1. HP: 19/19 MP: 1/1
   498 | D:1      | Noticed a great orb of eyes
   508 | D:1      | Reached XP level 2. HP: 22/27 MP: 2/2
   523 | D:1      | Reached skill level 4 in Fighting
  1139 | D:1      | Found a faded altar of an unknown god.
  1141 | D:1      | Noticed a golden eye
  1141 | D:1      | Noticed a golden eye
  1141 | D:1      | Noticed a shining eye
  1437 | D:2      | Reached XP level 3. HP: 26/34 MP: 3/3
  1535 | D:2      | Noticed Sigmund
  1571 | D:2      | Slain by Sigmund

Illustrated notes

Levels and vault maps discovered:
D:1:      onia_arrival_pyramid, layout_basic,
          hellmonk_ecumenical_altar_watching_god
D:2:      layout_basic, chequers_serial_rivers_room_a, uniq_sigmund

Skill      XL: |  1  2 |
---------------+-------+-----
Axes           | 3 |  3.7
Fighting       | 4 |  4.3
Armour         | |  3.2
Shields        | |  3.2

Action                   || total
-------------------------++-------
Melee: War axe           ||    61
Armor: Scale mail        ||    32
Dodge: Dodged            ||    24
Block: Buckler           ||     6

Table legend: (Time is in decaauts)
 A = Elapsed time spent in this place.
 B = Non-inter-level travel time spent in this place.
 C = Inter-level travel time spent in this place.
 D = Time resting spent in this place.
 E = Time spent auto-exploring this place.
 F = Levels seen in this place.
 G = Mean time per level.
                   A        B        C        D        E       F      G
               +--------+--------+--------+--------+--------+-----+--------+
         Total |   1586 |   1461 |    125 |      0 |   1259 |   2 |  793.0 |
       Dungeon |   1586 |   1461 |    125 |      0 |   1259 |   2 |  793.0 |
               +--------+--------+--------+--------+--------+-----+--------+

Top non-repeatable levels by time:
     D:1: 1350 daAuts
     D:2: 236 daAuts
